 Dungeon Crawl Stone Soup version 0.22-a0-284-g99d1f7439c (webtiles) character file.

783 Infinimo the Reanimator (level 7, 0/46 HPs)
             Began as a Demonspawn Necromancer on Mar 20, 2018.
             Was an Initiate of Sif Muna.
             Shot with an arrow by a centaur (13 damage)
             ... on level 6 of the Dungeon.
             The game lasted 00:10:21 (6965 turns).

Infinimo the Reanimator (Demonspawn Necromancer)    Turns: 6965, Time: 00:10:22

Health: 0/46       AC:  4    Str:  8    XL:     7   Next: 55%
Magic:  9/15       EV: 12    Int: 18    God:    Sif Muna [......]
Gold:   255        SH:  0    Dex: 14    Spells: 9/17 levels left

rFire    . . .     SeeInvis .   b - +1 short sword
rCold    + . .     Gourm    .   (no shield)
rNeg     . . .     Faith    .   a - +1 robe
rPois    .         Spirit   .   (no helmet)
rElec    .         Reflect  .   i - +0 cloak
rCorr    .         Harm     .   (no gloves)
MR       .....                  (no boots)
Stlth    ++........             (no amulet)
HPRegen  0.15/turn              (no ring)
MPRegen  0.14/turn              (no ring)

@: no status effects
A: talons 2, cold resistance 1, freezing cloud immunity
a: Renounce Religion


You were on level 6 of the Dungeon.
You worshipped Sif Muna.
Sif Muna was noncommittal.
You were not hungry.

You visited 1 branch of the dungeon, and saw 6 of its levels.

You collected 255 gold pieces.

Inventory:

Hand Weapons
 b - a +1 short sword (weapon)
Armour
 a - a +1 robe (worn)
 i - a +0 cloak (worn)
Wands
 m - a wand of acid (16)
 s - a wand of clouds (6)
Scrolls
 f - a scroll of remove curse
 h - 2 scrolls of enchant armour
 l - a scroll of magic mapping
Potions
 d - 2 potions of brilliance
 e - 3 potions of might
 j - a potion of lignification {unknown}
 k - 2 potions of curing
 n - 4 potions of berserk rage
 o - a potion of magic {unknown}
Comestibles
 c - 7 rations


   Skills:
 - Level 1.7 Dodging
 - Level 1.7 Stealth
 + Level 5.5 Spellcasting
 - Level 8.2 Necromancy


You had 9 spell levels left.
You knew the following spells:

 Your Spells              Type           Power        Failure   Level  Hunger
a - Pain                  Necr           ####         1%          1    None
b - Animate Dead          Necr           N/A          4%          4    ####...
c - Vampiric Draining     Necr           ####......   1%          3    ##.....


Dungeon Overview and Level Annotations

Branches:
Dungeon (6/15)
 Temple: D:4-7

Altars:
Ashenzari
Hepliaklqana
Sif Muna
Xom
The Shining One

Annotations:
D:4 Infinimo's ghost, amateur MfSu
D:5 Grinder


Innate Abilities, Weirdness & Mutations

You have razor-sharp toenails.
Your flesh is cold resistant. (rC+)
You are immune to freezing clouds.


Message History

The howler monkey skeleton is too close now for your liking.
A howler monkey skeleton is nearby!
You claw the howler monkey skeleton. You claw the howler monkey skeleton.
The howler monkey skeleton hits you.
The centaur shoots an arrow.
The arrow hits you!
You hear a shout!
The centaur shoots an arrow.
The howler monkey skeleton hits you.
The centaur shoots an arrow.
The arrow hits you.
You hear a shout! x2 3 gnolls come into view.
Casting: Pain (safe; 1% risk of failure)
Confirm with . or Enter, or press ? or * to list all spells.
You call on the dead to rise...
The dead are crawling!
You hear a shout!
The gnoll moves out of view.
The howler monkey skeleton hits you.
* * * LOW HITPOINT WARNING * * *
The centaur shoots an arrow.
The arrow hits you!
You die...

######### #.......#
#########.......# ######.#
......./#....$..# #(.....#
........#.......#.#......#
.......<.(@.Z(....#......#
........#..Zc....g#[....$##
........#.........g........
#########.......###......##
#.......# #...o.%.#
....########.(...(.# ######
........o.<. .###.####.##
#.. #.#


You could see a centaur, a gnoll, a howler monkey skeleton and a friendly worker
ant zombie.

Vanquished Creatures
  Eustachio (D:5)
  A sky beast (D:4)
  An ogre (D:5)
  Blork the orc (D:5)
  A howler monkey (D:3)
  A crimson imp (D:5)
  A bullfrog skeleton (D:4)
  2 orc wizards
  2 worker ants
  2 hound skeletons
  6 adders
  4 gnolls (D:3)
  2 oozes
  An adder skeleton (D:6)
  2 worms (D:2)
  2 dart slugs (D:1)
  3 leopard geckos
  4 orcs
  6 bats
  5 giant cockroaches
  5 goblins
  5 hobgoblins
  6 jackals
  4 kobolds
  3 quokkas
  A ball python (D:4)
  5 frilled lizards
  2 rats (D:2)
79 creatures vanquished.

Notes
Turn   | Place    | Note
-------+----------+-------------------------------------------
     0 | D:1      | Infinimo the Demonspawn Necromancer began the quest for the Orb.
     0 | D:1      | Reached XP level 1. HP: 13/13 MP: 3/3
   224 | D:1      | Gained mutation: Your flesh is cold resistant. (rC+) [demonic ancestry]
   224 | D:1      | Reached XP level 2. HP: 14/19 MP: 0/5
   340 | D:1      | Reached skill level 5 in Necromancy
   974 | D:1      | Gained mutation: You have sharp toenails. [demonic ancestry]
   974 | D:1      | Reached XP level 3. HP: 22/24 MP: 2/6
  1795 | D:2      | Reached skill level 6 in Necromancy
  1819 | D:2      | Gained mutation: You are immune to freezing clouds. [demonic ancestry]
  1819 | D:2      | Reached XP level 4. HP: 15/30 MP: 0/7
  2105 | D:2      | Found a hazy altar of Hepliaklqana.
  2410 | D:2      | Found a faded altar of an unknown god.
  2758 | D:3      | Found a shimmering altar of Xom.
  2853 | D:3      | Learned a level 4 spell: Animate Dead
  3158 | D:3      | Reached skill level 7 in Necromancy
  3158 | D:3      | Reached XP level 5. HP: 33/35 MP: 4/8
  3577 | D:4      | Noticed a sky beast
  3589 | D:4      | Killed a sky beast
  3589 | D:4      | Reached skill level 8 in Necromancy
  3589 | D:4      | Gained mutation: You have razor-sharp toenails. [demonic ancestry]
  3589 | D:4      | Reached XP level 6. HP: 37/41 MP: 0/9
  3673 | D:4      | Learned a level 3 spell: Vampiric Draining
  3695 | D:4      | Noticed Infinimo's ghost (amateur MfSu)
  4036 | D:4      | Found a shattered altar of Ashenzari.
  5064 | D:5      | Entered Level 5 of the Dungeon
  5064 | D:5      | Noticed Eustachio
  5076 | D:5      | Killed Eustachio
  5076 | D:5      | Reached XP level 7. HP: 33/46 MP: 0/13
  5409 | D:5      | Found a glowing golden altar of the Shining One.
  5454 | D:5      | Noticed Blork the orc
  5658 | D:5      | Noticed Grinder
  5691 | D:5      | Found a deep blue altar of Sif Muna.
  5697 | D:5      | Became a worshipper of Sif Muna the Loreminder
  5773 | D:5      | Killed Blork the orc
  5773 | D:5      | Reached skill level 5 in Spellcasting
  6965 | D:6      | Shot with an arrow by a centaur

Vault maps used:
D:1:      dpeg_arrival_boxes_within_box, kennysheep_flooded_box
D:2:      marbit_many_paths, chequers_ecumenical_altar_lobes
D:3:      xom_teletrap_fun, first_ration
D:4:      nicolae_ashenzari_panopticon
D:5:      overflow_temple_1_default, led_sif_pool, uniq_blork_the_orc,
          uniq_eustachio, uniq_grinder

Skill      XL: |  1  2  3  4  5  6  7 |
---------------+----------------------+-----
Necromancy     | 5 6 7 8 |  8.2
Spellcasting   | 4 5 |  5.5
Dodging        | |  1.7
Stealth        | |  1.7

Action                   |  1- 3 |  4- 6 |  7- 9 || total
-------------------------+-------+-------+-------++-------
Melee: Unarmed           |     2 |       |       ||     2
       Short sword       |     6 |    26 |    42 ||    74
       Kick              |     2 |     5 |     9 ||    16
 Cast: Pain              |    76 |   100 |    30 ||   206
       Animate Dead      |       |     5 |     1 ||     6
  Use: Scroll            |     4 |     4 |     6 ||    14
 Stab: Sleeping          |       |     1 |       ||     1
  Eat: Chunk             |     4 |     8 |     3 ||    15
       Ration            |       |     1 |     1 ||     2
Armor: Robe              |     4 |    17 |    15 ||    36
Dodge: Dodged            |    15 |    42 |    24 ||    81

Table legend:
 A = Spawn XP
 B = Non-spawn XP
 C = Spawn XP percentage of total XP
 D = Spawn monster count
 E = Non-spawn monster count
 F = Spawn count percentage of total count
 G = Total turns spent on level
                    A         B        C        D         E        F      G
               +---------+---------+-------+---------+---------+-------+---------
         Total |       0 |    1119 |   0.0 |       0 |      79 |   0.0 |  6965
               +---------+---------+-------+---------+---------+-------+---------
           D:1 |       0 |      47 |   0.0 |       0 |      19 |   0.0 |  1324
           D:2 |       0 |      69 |   0.0 |       0 |      20 |   0.0 |  1281
           D:3 |       0 |     135 |   0.0 |       0 |      11 |   0.0 |   724
           D:4 |       0 |     313 |   0.0 |       0 |      19 |   0.0 |  1774
           D:5 |       0 |     502 |   0.0 |       0 |       6 |   0.0 |  1813
           D:6 |       0 |      53 |   0.0 |       0 |       4 |   0.0 |    49
               +---------+---------+-------+---------+---------+-------+---------
